[Event "Titled Tuesday Blitz September 27 Late 2022"]
[White "Tari, Aryan"]
[Black "Martinez Alcantara, Jose Eduardo"]
[WhiteFideId "1510045"]
[BlackFideId "3805662"]
[WhiteElo "2612"]
[BlackElo "2703"]
[Result "0-1"]
[Round "05"]
[TimeControl "180+1"]
[Date "2022.09.27"]
[WhiteClock "0:00:02"]
[BlackClock "0:00:06"]

1. e4 e5 2. Nf3 Nf6 3. Nxe5 d6 4. Nf3 Nxe4 5. Qe2 Qe7 6. g3 Nf6 7. Bg2 Nc6 8. Qxe7+ Bxe7 9. O-O O-O 10. Re1 Re8 11. a3 Bd7 12. d3 Bf8 13. Rxe8 Rxe8 14. Nc3 g6 15. h3 Bg7 16. Be3 a6 17. Nd4 Nd8 18. a4 b6 19. b4 c5 20. bxc5 bxc5 21. Nde2 Nc6 22. Rc1 Nb4 23. d4 c4 24. d5 a5 25. Nd4 Bf5 26. Ndb5 Bf8 27. Bb6 Nxc2 28. Bxa5 Nd7 29. Bc7 Bd3 30. Bxd6 Ra8 31. Bxf8 Kxf8 32. d6 Ra6 33. Bb7 Ra5 34. Bc6 Nb6 35. Nd5 Nxd5 36. Bxd5 Rxa4 37. Bc6 Ra6 38. Bb7 Rb6 39. d7 Ke7 40. Nd4 Nxd4 0-1


[Site "https://www.chess.com"]

[Event "Titled Tuesday Blitz September 27 Late 2022"]
[White "Timmermans, Mark"]
[Black "Caruana, Fabiano"]
[WhiteFideId "1026399"]
[BlackFideId "2020009"]
[WhiteElo "2460"]
[BlackElo "2847"]
[Result "0-1"]
[Round "05"]
[TimeControl "180+1"]
[Date "2022.09.27"]
[WhiteClock "0:00:09"]
[BlackClock "0:00:16"]

1. b4 e5 2. Bb2 Bxb4 3. Bxe5 Nf6 4. Nc3 O-O 5. Bxf6 Qxf6 6. Nd5 Qd6 7. c4 Ba5 8. e3 c6 9. Nf4 Qf6 10. Nf3 d6 11. Be2 Nd7 12. O-O Ne5 13. d4 Ng6 14. Nh5 Qe7 15. Bd3 Bc7 16. Ng3 d5 17. Qc2 Bg4 18. cxd5 cxd5 19. Qb3 Bxg3 20. hxg3 Rfd8 21. Rab1 b6 22. Rfc1 Rac8 23. Rxc8 Bxc8 24. Rc1 Be6 25. Bxg6 hxg6 26. Ne5 Qb7 27. Rc3 Rc8 28. Qc2 Rxc3 29. Qxc3 a5 30. a3 g5 31. f4 gxf4 32. gxf4 f6 33. Nf3 Qc8 34. Qb2 Qc6 35. Qb1 b5 36. Nh4 Qc3 37. Kf2 b4 38. axb4 axb4 39. Qg6 Bf7 40. Qg4 Qd2+ 41. Qe2 Qxe2+ 42. Kxe2 Kh7 43. Kd2 Bg6 44. f5 Be8 45. Nf3 Kh6 46. g4 Bb5 47. Ne1 Kg5 48. Nc2 b3 49. Nb4 Bc4 50. Kc3 Kxg4 51. e4 dxe4 52. d5 Bb5 53. Kxb3 Kxf5 54. Kc3 Ke5 55. Kd2 f5 56. Ke3 f4+ 57. Kf2 g5 58. Na2 g4 59. Nc3 e3+ 60. Ke1 Bc4 61. d6 Kxd6 0-1


[Site "https://www.chess.com"]

[Event "Titled Tuesday Blitz September 27 Late 2022"]
[White "Xiong, Jeffery"]
[Black "Dardha, Daniel"]
[WhiteFideId "2047640"]
[BlackFideId "240990"]
[WhiteElo "2714"]
[BlackElo "2528"]
[Result "0-1"]
[Round "05"]
[TimeControl "180+1"]
[Date "2022.09.27"]
[WhiteClock "0:00:32"]
[BlackClock "0:01:18"]

1. e4 e5 2. Nf3 Nc6 3. Nc3 Nf6 4. d4 exd4 5. Nxd4 Bb4 6. Nxc6 bxc6 7. Bd3 O-O 8. O-O d5 9. exd5 cxd5 10. h3 Rb8 11. Qf3 Be6 12. a3 Be7 13. Rd1 c5 14. b3 Qc7 15. Bf4 Qb7 16. Bxb8 Qxb8 17. Bf5 Qe5 18. Bxe6 fxe6 19. Qd3 Bd6 20. g3 Qh5 21. Kg2 Be5 22. Re1 Bd4 23. f4 e5 24. fxe5 Ng4 25. Nd1 Nf2 0-1


[Site "https://www.chess.com"]

[Event "Titled Tuesday Blitz September 27 Late 2022"]
[White "Yanchenko, Roman"]
[Black "Popilski, Gil"]
[WhiteFideId "4137329"]
[BlackFideId "2809060"]
[WhiteElo "2514"]
[BlackElo "2537"]
[Result "0-1"]
[Round "05"]
[TimeControl "180+1"]
[Date "2022.09.28"]
[WhiteClock "0:00:05"]
[BlackClock "0:00:13"]

1. d4 Nf6 2. c4 e6 3. Nf3 c5 4. Nc3 a6 5. e3 d5 6. Be2 dxc4 7. Bxc4 b5 8. Be2 Bb7 9. O-O Nbd7 10. a3 Rc8 11. h3 Qb6 12. Ne5 cxd4 13. exd4 Bd6 14. Be3 Qc7 15. Rc1 Qb8 16. f4 O-O 17. Bf3 Nb6 18. Bf2 Rc7 19. Bh4 Bxf3 20. Qxf3 Nfd5 21. Ne4 f6 22. Nd3 Rxc1 23. Rxc1 Rc8 24. Nec5 Bxf4 25. Re1 Re8 26. Nxe6 Bh6 27. Bg3 Qc8 28. Ndc5 Kh8 29. Kh2 Re7 30. Re4 Qc6 31. Nd8 Qe8 32. Rxe7 Qxe7 33. Nde6 a5 34. Qf5 a4 35. Qd3 Nc4 36. Qf5 Nce3 37. Qf3 Kg8 38. Kh1 Qf7 39. Bf2 Qe8 40. Bxe3 Nxe3 41. Qe4 f5 42. Qe5 Qa8 43. Nc7 Qxg2# 0-1


[Site "https://www.chess.com"]

[Event "Titled Tuesday Blitz September 27 Late 2022"]
[White "Yoo, Christopher Woojin"]
[Black "Tristan, Leonardo"]
[WhiteFideId "30909694"]
[BlackFideId "113816"]
[WhiteElo "2105"]
[BlackElo "2404"]
[Result "1-0"]
[Round "05"]
[TimeControl "180+1"]
[Date "2022.09.27"]
[WhiteClock "0:00:16"]
[BlackClock "0:00:41"]

1. e4 d5 2. exd5 Qxd5 3. Nc3 Qa5 4. Nf3 Nf6 5. Bc4 Nc6 6. O-O Bg4 7. h3 Bh5 8. g4 Bg6 9. d3 h5 10. g5 Nd7 11. Nd5 Nce5 12. Nxe5 Nxe5 13. b4 Qxd5 14. Bxd5 O-O-O 15. Bg2 e6 16. Bb2 Bd6 17. f4 Nd7 18. Qf3 c6 19. b5 Nb8 20. Bxg7 Rhg8 21. Bf6 Rd7 22. Rab1 Rc7 23. c4 h4 24. Rb3 Nd7 25. bxc6 bxc6 26. Rfb1 Nxf6 27. gxf6 Kd7 28. Rb7 Rc8 29. Qxc6+ Kd8 30. Qxd6+ Ke8 31. Bc6+ Rxc6 32. Qe7# 1-0


[Site "https://www.chess.com"]

[Event "Titled Tuesday Blitz September 27 Late 2022"]
[White "Yurovskykh, Oleksandr"]
[Black "Carbone, Diego"]
[WhiteFideId "14134020"]
[BlackFideId "3002179"]
[WhiteElo "2303"]
[BlackElo "2205"]
[Result "1-0"]
[Round "05"]
[TimeControl "180+1"]
[Date "2022.09.28"]
[WhiteClock "0:00:11"]
[BlackClock "0:00:13"]

1. d4 Nf6 2. Nf3 g6 3. Bg5 Bg7 4. Nbd2 O-O 5. c3 d5 6. e3 Bg4 7. Be2 Bxf3 8. Nxf3 c6 9. O-O Nbd7 10. Qb3 Qb6 11. h3 Rfe8 12. Bf4 Ne4 13. Rad1 e5 14. dxe5 Nxe5 15. Nxe5 Bxe5 16. Bxe5 Rxe5 17. Bf3 Qxb3 18. axb3 Rae8 19. b4 a6 20. Rd4 Nd6 21. Rfd1 Kg7 22. g3 g5 23. h4 h6 24. hxg5 hxg5 25. Bg2 f6 26. Bf1 Re4 27. R4d2 R4e5 28. Bd3 Ne4 29. Bxe4 Rxe4 30. Kg2 g4 31. Rh1 Rh8 32. Rxh8 Kxh8 33. Kf1 Kg7 34. Ke2 Kg6 35. Kd3 Re5 36. Kd4 Rh5 37. Kc5 Kf5 38. Rd4 Kg5 39. Kb6 Rh7 40. Kc5 Kf5 41. Rf4+ Kg5 42. Kd6 f5 43. Kc5 Kf6 44. c4 dxc4 45. e4 Rh5 46. Kb6 Ke5 47. exf5 Rxf5 48. Rxf5+ Kxf5 49. Kxb7 Ke4 50. Kxa6 Kd3 51. Kb6 Kc2 52. Kc5 Kb3 53. Kd4 Kxb4 54. Ke4 Kb3 55. Kd4 c5+ 56. Kxc5 c3 57. bxc3 Kxc3 58. Kd5 Kd3 59. Ke5 Ke2 60. Kf4 Kxf2 61. Kxg4 Ke3 62. Kf5 Kf3 63. g4 Ke3 64. g5 Kd4 65. g6 Kd5 66. g7 Kd6 67. g8=Q Kd7 68. Qe6+ Kd8 69. Ke5 Kc7 70. Kd5 Kd8 71. Qf7 Kc8 72. Kc6 Kb8 73. Kb6 Ka8 74. Qb7# 1-0


[Site "https://www.chess.com"]

[Event "Titled Tuesday Blitz September 27 Late 2022"]
[White "Zhigalko, Sergei"]
[Black "Wieczorek, Oskar"]
[WhiteFideId "13502956"]
[BlackFideId "1133950"]
[WhiteElo "2662"]
[BlackElo "2302"]
[Result "0-1"]
[Round "05"]
[TimeControl "180+1"]
[Date "2022.09.27"]
[WhiteClock "0:00:40"]
[BlackClock "0:01:11"]

1. e4 c5 2. Nf3 e6 3. c3 d5 4. e5 Nc6 5. d4 Bd7 6. Be2 f6 7. O-O fxe5 8. Nxe5 Nxe5 9. dxe5 Qc7 10. c4 d4 11. Re1 O-O-O 12. Bd3 Nh6 13. Nd2 Nf7 14. f4 g5 15. Ne4 gxf4 16. Bxf4 Kb8 17. Qh5 Bc6 18. Nf6 Bg7 19. Bg3 Bh6 20. Rf1 Be3+ 21. Kh1 Ng5 22. Rae1 h6 23. a3 a5 24. Ng4 Bxg2+ 25. Kxg2 Qc6+ 0-1


[Site "https://www.chess.com"]

[Event "Titled Tuesday Blitz September 27 Late 2022"]
[White "Zochowski, Kacper"]
[Black "Noboa Silva, Kevin"]
[WhiteFideId "1125494"]
[BlackFideId "3618471"]
[WhiteElo "2214"]
[BlackElo "2172"]
[Result "1-0"]
[Round "05"]
[TimeControl "180+1"]
[Date "2022.09.28"]
[WhiteClock "0:00:14"]
[BlackClock "0:00:01"]

1. Nf3 Nf6 2. c4 c5 3. g3 b6 4. Bg2 Bb7 5. O-O e6 6. b3 d6 7. e3 a6 8. Bb2 Nbd7 9. Qe2 Be7 10. Nc3 O-O 11. d3 Re8 12. Rac1 Qc7 13. Rfd1 Rac8 14. h3 Qb8 15. g4 b5 16. Ne1 b4 17. Ne4 Nxe4 18. Bxe4 Bf6 19. Bxf6 Nxf6 20. Bxb7 Qxb7 21. g5 Nd7 22. f4 e5 23. f5 e4 24. d4 cxd4 25. Rxd4 Re5 26. Qg4 Rcc5 27. Rxd6 Rxf5 28. h4 g6 29. Rd4 Rce5 30. Rcd1 Nc5 31. Ng2 Ne6 32. Rd6 Qa7 33. Kh1 Rf3 34. R6d5 Qc7 35. Rd7 Qb8 36. Nf4 Qb6 37. Nh5 gxh5 38. Qxh5 Nf8 39. Rd8 Qg6 40. Qg4 Rff5 41. Rc8 h5 42. Qg2 Rc5 43. Ra8 Rf3 44. Rdd8 Qg7 45. Rxf8+ Qxf8 46. Rxf8+ Kxf8 47. Qd2 Rcf5 48. Qd6+ Kg7 49. Qd4+ Kg8 50. Qxe4 Rf1+ 51. Kg2 R1f2+ 52. Kg3 Kg7 53. c5 Rf1 54. c6 R5f2 55. c7 Rc1 56. Qe5+ Kg6 57. Kxf2 Rc2+ 58. Kf3 Rc1 59. Qf6+ Kh7 60. Qd8 a5 61. c8=Q 1-0


[Site "https://www.chess.com"]

[Event "Titled Tuesday Blitz September 27 Late 2022"]
[White "Abdyzhapar, Asylbek"]
[Black "Matinian, Nikita"]
[WhiteFideId "13800337"]
[BlackFideId "24129100"]
[WhiteElo "2323"]
[BlackElo "2422"]
[Result "0-1"]
[Round "06"]
[TimeControl "180+1"]
[Date "2022.09.28"]
[WhiteClock "0:00:10"]
[BlackClock "0:00:03"]

1. d4 Nf6 2. c4 e6 3. Nf3 Bb4+ 4. Nbd2 O-O 5. g3 d5 6. Bg2 b6 7. O-O Bb7 8. cxd5 exd5 9. Ne5 Re8 10. e3 Nbd7 11. f4 c5 12. a3 Bxd2 13. Bxd2 Ne4 14. Be1 f6 15. Nd3 Ba6 16. f5 Bxd3 17. Qxd3 c4 18. Qc2 a5 19. g4 b5 20. Rf4 Nb6 21. Bxe4 dxe4 22. Rxe4 Qd5 23. Rxe8+ Rxe8 24. Bxa5 Nc8 25. Re1 Nd6 26. Qg2 Ne4 27. Bb4 Kf7 28. Rf1 Qa8 29. h4 Qa4 30. Rf4 Qd1+ 31. Kh2 Qd3 32. Rf3 h6 33. Kh3 Kg8 34. Qf1 Qc2 35. Qg2 Qd3 36. Kh2 Kh7 37. Kh3 Qb1 38. Kh2 Qd1 39. Rf4 Qd3 40. Rf3 Qd1 41. Rh3 Kg8 42. Rf3 Qd3 43. Qf1 Qc2+ 44. Qg2 Qd3 45. Rh3 Kf7 46. g5 fxg5 47. hxg5 Nxg5 48. Qd5+ Kf6 49. Rg3 Qe2+ 50. Qg2 Rxe3 51. Rxe3 Qxe3 52. d5 Nf3+ 53. Kh3 Ng5+ 54. Kh2 Qf4+ 55. Kh1 Qc1+ 56. Kh2 Qf4+ 57. Kh1 Qh4+ 58. Kg1 Nh3+ 59. Kf1 Qf4+ 60. Ke2 Ng5 61. Kd1 Kxf5 62. d6 Ne6 63. d7 Qd4+ 64. Kc1 Qe3+ 65. Kd1 Qd3+ 66. Kc1 Qxd7 67. Bc3 g5 68. Qh3+ Kg6 69. Qg4 Qd5 70. Qe2 h5 71. Kb1 h4 72. Ka2 Qf5 73. Qh2 h3 74. Qg3 Nf4 75. Qf2 Kh5 76. Qf3+ Qg4 77. Qf2 Qg2 78. Qa7 h2 79. Qh7+ Kg4 80. Qd7+ Kf3 81. Qc6+ Kg3 82. Qf6 h1=Q 83. Qxg5+ Kf3 84. Qxb5 Qe2 85. Qc6+ Qe4 86. Qxe4+ Kxe4 0-1


[Site "https://www.chess.com"]

[Event "Titled Tuesday Blitz September 27 Late 2022"]
[White "Amburgy, Ryan"]
[Black "Lenderman, Aleksandr"]
[WhiteFideId "30924820"]
[BlackFideId "2021285"]
[WhiteElo "2066"]
[BlackElo "2607"]
[Result "0-1"]
[Round "06"]
[TimeControl "180+1"]
[Date "2022.09.27"]
[WhiteClock "0:00:06"]
[BlackClock "0:01:35"]

1. d4 d5 2. Nc3 Nf6 3. Bf4 c5 4. e4 Nxe4 5. Nxe4 dxe4 6. dxc5 Qxd1+ 7. Rxd1 Nc6 8. Bb5 Bd7 9. Ne2 f6 10. c3 e5 11. Be3 f5 12. g3 Be6 13. Nc1 Be7 14. h4 O-O 15. Bg5 Bxc5 16. b4 Bb6 17. Rd6 Rae8 18. Rxe6 Rxe6 19. Bc4 Kf7 20. Nb3 h6 21. Be3 Kf6 22. Bxb6 axb6 23. Bxe6 Kxe6 24. Kd2 Ra8 25. Nc1 Ne7 26. Kc2 Nd5 27. Kb2 b5 28. Rd1 Rc8 29. Ne2 Nb6 30. Kb3 Nc4 31. Ra1 Nb6 32. Rd1 Ra8 33. Kb2 Nc4+ 34. Kb1 Rh8 35. Kc2 g5 36. h5 f4 37. gxf4 gxf4 38. Rg1 Rd8 39. Rg6+ Kf5 40. Nc1 Rd2+ 41. Kb1 Rb2+ 42. Ka1 Rxf2 43. Rxh6 e3 44. Rg6 Rf1 45. Kb1 e2 0-1


[Site "https://www.chess.com"]

[Event "Titled Tuesday Blitz September 27 Late 2022"]
[White "Beerdsen, Thomas"]
[Black "Lewtak, Damian"]
[WhiteFideId "1030108"]
[BlackFideId "1141724"]
[WhiteElo "2567"]
[BlackElo "2329"]
[Result "0-1"]
[Round "06"]
[TimeControl "180+1"]
[Date "2022.09.27"]
[WhiteClock "0:00:15"]
[BlackClock "0:00:05"]

1. g4 d5 2. Bg2 c6 3. c4 dxc4 4. Na3 Bxg4 5. Nxc4 Nf6 6. Nf3 Bc8 7. d4 g6 8. h4 h5 9. Ng5 Bg7 10. Qb3 O-O 11. Ne5 e6 12. e3 Nbd7 13. Nxg6 fxg6 14. Nxe6 Qb6 15. Qc2 Re8 16. Nxg7 Kxg7 17. Rg1 Nf8 18. Bf1 Qxd4 19. Bd3 Ng4 20. Bd2 Qd5 21. Bc3+ Kh7 22. O-O-O Bf5 23. e4 Bxe4 24. Bxe4 Qxe4 25. Qxe4 Rxe4 26. f3 Ne3 27. fxe4 Nxd1 28. Rxd1 Re8 29. Rf1 Kg8 30. e5 Nd7 31. Kc2 Re7 32. Rf4 c5 33. Ra4 a6 34. Re4 Kf7 35. Re1 Ke6 36. Rg1 Nxe5 37. Bxe5 Kxe5 38. Rxg6 Rf7 39. Rh6 Rf5 40. Rh7 b5 41. a4 Kd5 42. axb5 axb5 43. Kb1 Kc4 44. Rg7 Kb4 45. Rg5 Rf4 46. Rxh5 c4 47. Rh8 Kb3 48. Kc1 Rf1+ 49. Kd2 Kxb2 50. Rb8 Rf5 51. Ke3 c3 52. Ke4 Rh5 53. Kd3 c2 54. Rh8 Rxh8 0-1


[Site "https://www.chess.com"]

[Event "Titled Tuesday Blitz September 27 Late 2022"]
[White "Besedes, Danilo"]
[Black "Lin, Dachey"]
[WhiteFideId "946796"]
[BlackFideId "2029650"]
[WhiteElo "2352"]
[BlackElo "2313"]
[Result "1-0"]
[Round "06"]
[TimeControl "180+1"]
[Date "2022.09.27"]
[WhiteClock "0:00:24"]
[BlackClock "0:00:27"]

1. d4 g6 2. Bf4 Bg7 3. Nc3 c5 4. e3 Nf6 5. Nf3 O-O 6. h4 cxd4 7. exd4 d5 8. Ne5 Nc6 9. h5 Qb6 10. Nxc6 bxc6 11. Rb1 Nxh5 12. Rxh5 gxh5 13. Qxh5 Qxd4 14. Bd3 f5 15. Ne2 Qf6 16. Bg5 Qf7 17. Qh4 e5 18. Ng3 e4 19. Be2 Bf6 20. Nh5 Bxg5 21. Qxg5+ Qg6 22. Qh4 Be6 23. b4 Rab8 24. Rb3 Kh8 25. Qf4 Bf7 26. Qe5+ Kg8 27. Rg3 Rb7 28. Rxg6+ Bxg6 29. Nf4 Re8 30. Qd4 Bf7 31. a3 a5 32. c3 axb4 33. axb4 Ra8 34. Bh5 Ra1+ 35. Ke2 Ra2+ 36. Ke3 Rba7 37. Bxf7+ Kxf7 38. Qe5 R7a3 39. Qc7+ Kf6 40. Qxc6+ Kf7 41. Nxd5 Rc2 42. Qf6+ Kg8 43. Ne7# 1-0


[Site "https://www.chess.com"]

[Event "Titled Tuesday Blitz September 27 Late 2022"]
[White "Bispo, Leonardo"]
[Black "Paravyan, David"]
[WhiteFideId "2107899"]
[BlackFideId "4194985"]
[WhiteElo "2253"]
[BlackElo "2555"]
[Result "1-0"]
[Round "06"]
[TimeControl "180+1"]
[Date "2022.09.27"]
[WhiteClock "0:00:34"]
[BlackClock "0:00:02"]

1. d4 d6 2. Nf3 Nf6 3. c4 g6 4. g3 Bg7 5. b3 Ne4 6. Bb2 Nc6 7. Bg2 h5 8. Nbd2 Bf5 9. Nh4 d5 10. Nxf5 gxf5 11. Nxe4 fxe4 12. cxd5 Qxd5 13. e3 h4 14. Qg4 Qa5+ 15. Kf1 O-O 16. gxh4 f5 17. Qe2 Rad8 18. a3 e5 19. b4 Qd5 20. b5 Na5 21. Rd1 Nc4 22. Ba1 Qxb5 23. Kg1 Nxa3 24. Qa2+ Kh8 25. Qxa3 f4 26. exf4 Rxf4 27. Qe3 Rxh4 28. h3 Qa4 29. Rf1 exd4 30. Qg5 Re8 31. Qxh4+ Kg8 32. Bxe4 1-0


[Site "https://www.chess.com"]

[Event "Titled Tuesday Blitz September 27 Late 2022"]
[White "Bluebaum, Matthias"]
[Black "Nakamura, Hikaru"]
[WhiteFideId "24651516"]
[BlackFideId "2016192"]
[WhiteElo "2633"]
[BlackElo "2850"]
[Result "0-1"]
[Round "06"]
[TimeControl "180+1"]
[Date "2022.09.27"]
[WhiteClock "0:00:04"]
[BlackClock "0:01:11"]

1. d4 f5 2. c4 Nf6 3. Nf3 g6 4. e3 Bg7 5. b4 O-O 6. Be2 d6 7. Bb2 c6 8. O-O Kh8 9. Nc3 Be6 10. a4 Bg8 11. a5 a6 12. b5 Nbd7 13. bxc6 bxc6 14. Qa4 Qc7 15. Rab1 h6 16. Ba3 c5 17. Rfc1 Kh7 18. h3 Bf7 19. Rb2 Rab8 20. Rbc2 Qa7 21. Nd5 Nxd5 22. cxd5 Bxd5 23. dxc5 Bb3 24. Qh4 Bf6 25. Qg3 Bxc2 26. Rxc2 Nxc5 27. Bxc5 dxc5 28. Ne5 Bxe5 29. Qxe5 Rbc8 30. Bc4 Qc7 31. Qe6 Rcd8 32. Qxa6 Rd6 33. Qb5 Rb8 34. Qa4 Rb1+ 35. Bf1 Rdd1 36. g3 Rxf1+ 37. Kg2 Qb7+ 38. e4 fxe4 0-1


[Site "https://www.chess.com"]

[Event "Titled Tuesday Blitz September 27 Late 2022"]
[White "Boros, Denes"]
[Black "Petrosyan, Manuel"]
[WhiteFideId "722340"]
[BlackFideId "13300857"]
[WhiteElo "2464"]
[BlackElo "2592"]
[Result "1-0"]
[Round "06"]
[TimeControl "180+1"]
[Date "2022.09.27"]
[WhiteClock "0:00:16"]
[BlackClock "0:00:01"]

1. e4 e5 2. Nc3 Nf6 3. Nge2 Bb4 4. a3 Ba5 5. g3 O-O 6. Bg2 c6 7. O-O Re8 8. d3 h6 9. h3 d5 10. b4 Bb6 11. exd5 cxd5 12. Na4 Bc7 13. Bb2 a6 14. Nc5 b6 15. Nb3 Bb7 16. c4 Nc6 17. Nc3 Nd4 18. Rc1 Rc8 19. Nxd4 exd4 20. Ne2 Ba8 21. c5 bxc5 22. Rxc5 Bb6 23. Rxc8 Qxc8 24. Nxd4 a5 25. Qd2 axb4 26. axb4 Qd7 27. Ra1 Bb7 28. Qf4 Bc7 29. Qf3 Be5 30. Qd1 Qd8 31. Qd2 Qb6 32. Nf5 Bc8 33. Bxe5 Rxe5 34. Qc3 Re8 35. Nd4 Bd7 36. b5 Rc8 37. Qb4 Rb8 38. Re1 h5 39. Rc1 h4 40. g4 Be8 41. Qc5 Qd8 42. Rb1 Nd7 43. Qxd5 Qf6 44. Nc6 Nb6 45. Qe4 Rc8 46. Ne7+ 1-0


[Site "https://www.chess.com"]

[Event "Titled Tuesday Blitz September 27 Late 2022"]
[White "Bortnyk, Mykola"]
[Black "Bortnyk, Olexandr"]
[WhiteFideId "14120836"]
[BlackFideId "14120828"]
[WhiteElo "2582"]
[BlackElo "2723"]
[Result "1-0"]
[Round "06"]
[TimeControl "180+1"]
[Date "2022.09.27"]
[WhiteClock "0:00:13"]
[BlackClock "0:00:09"]

1. e4 d6 2. d4 Nf6 3. Bd3 c5 4. c3 Nc6 5. Nf3 cxd4 6. cxd4 g6 7. Nc3 Bg7 8. d5 Nb8 9. O-O O-O 10. h3 Nbd7 11. Be3 Nc5 12. Bc2 a5 13. Bxc5 dxc5 14. e5 Nd7 15. Qe2 Nb6 16. Rad1 a4 17. a3 c4 18. Rfe1 Ra5 19. Be4 Qc7 20. Qe3 Qc5 21. Rd4 e6 22. Red1 exd5 23. Nxd5 Be6 24. Nf6+ Kh8 25. Qg5 h6 26. Qh4 Qe7 27. Rd6 Nc8 28. R6d2 Rc5 29. Qf4 b5 30. h4 Rxe5 31. Nxe5 Qxf6 32. Qxf6 Bxf6 33. Nf3 Ne7 34. Nd4 Bd7 35. g3 Kg7 36. Kg2 Rb8 37. Ne2 Bg4 38. f3 Bc8 39. Nc3 b4 40. Nxa4 bxa3 41. bxa3 Rb3 42. Ra2 Rb5 43. Rc1 Ra5 44. Nc3 Be6 45. a4 Bd4 46. Nb5 Bc5 47. Nc3 f5 48. Bc2 Nc6 49. Bd1 Nb4 50. Re2 Nd3 51. Rb1 Kf6 52. Rb5 Rxb5 53. axb5 Bd4 54. Na4 Bd5 55. Bc2 Nb4 56. Rd2 Nxc2 57. Rxc2 Ke5 58. b6 Bb7 59. Re2+ Kd5 60. Re7 Kc6 61. Rc7+ Kb5 62. Rxb7 Kxa4 63. Rc7 Kb3 64. b7 Ba7 65. Rc8 c3 66. b8=Q+ Bxb8 67. Rxb8+ Ka2 68. Kf2 c2 69. Rc8 Kb2 70. Ke3 c1=Q+ 71. Rxc1 Kxc1 72. g4 fxg4 73. fxg4 Kd1 74. g5 h5 75. Kf4 Ke2 76. Ke5 Kf3 77. Kf6 Kg4 78. Kxg6 Kxh4 79. Kf5 Kg3 80. g6 h4 81. g7 h3 82. g8=Q+ Kf3 83. Qa8+ Kf2 84. Qh1 1-0


[Site "https://www.chess.com"]

[Event "Titled Tuesday Blitz September 27 Late 2022"]
[White "Bryakin, Mikhail"]
[Black "Azaiez, Fahmi"]
[WhiteFideId "4165314"]
[BlackFideId "5500818"]
[WhiteElo "2357"]
[BlackElo "2511"]
[Result "1-0"]
[Round "06"]
[TimeControl "180+1"]
[Date "2022.09.27"]
[WhiteClock "0:02:16"]
[BlackClock "0:01:24"]

1. c4 e5 2. Nc3 Nc6 3. g3 f5 4. Bg2 Nf6 5. d3 Bb4 6. Bd2 d6 7. a3 Bxc3 8. Bxc3 O-O 9. Nf3 Qe8 10. O-O Qh5 11. b4 f4 12. e3 Bg4 13. exf4 exf4 14. d4 Rae8 15. Qd3 Bf5 16. Qd1 Bg4 17. b5 Ne7 18. Qd3 Bf5 19. Qd2 Ne4 20. Qc1 Bg4 21. Nd2 1-0


[Site "https://www.chess.com"]

[Event "Titled Tuesday Blitz September 27 Late 2022"]
[White "Carbone, Diego"]
[Black "Prydun, Andriy"]
[WhiteFideId "3002179"]
[BlackFideId "14145898"]
[WhiteElo "2205"]
[BlackElo "2163"]
[Result "1/2-1/2"]
[Round "06"]
[TimeControl "180+1"]
[Date "2022.09.28"]
[WhiteClock "0:00:13"]
[BlackClock "0:00:08"]

1. d4 Nf6 2. c4 e6 3. Nc3 c6 4. e4 d6 5. Nf3 Nfd7 6. Bd3 Na6 7. Be3 Nc7 8. O-O Be7 9. Qd2 a6 10. Rfe1 b5 11. a3 bxc4 12. Bxc4 d5 13. Ba2 dxe4 14. Nxe4 O-O 15. Rad1 Nd5 16. Bg5 N7f6 17. Bb1 Rb8 18. Qd3 g6 19. Bh6 Re8 20. Re2 a5 21. Ne5 Rb6 22. Rc1 Ba6 23. Nc4 Qb8 24. Qd2 Bxc4 25. Rxc4 Ng4 26. g3 Nxh6 27. Qxh6 Rxb2 28. Bc2 Ra2 29. h4 Bf8 30. Qc1 Bxa3 31. Qh6 Bf8 32. Qc1 Qb2 33. Qxb2 Rxb2 34. Ra4 Ra8 35. Bd3 Rxe2 36. Bxe2 Bb4 37. Nc5 Nb6 38. Ra2 a4 39. Nd3 Bd6 40. Bd1 a3 41. Nc5 Nd5 42. Bb3 Nc3 43. Ra1 a2 44. Na4 Nxa4 45. Rxa2 Nb6 46. Rxa8+ Nxa8 47. Kg2 Nb6 48. Kf3 Nd5 49. Ba4 h5 50. Bxc6 Kg7 51. Bb5 Kf6 52. Bd3 Be7 53. Ke4 Kg7 54. f3 Bf6 55. f4 Kf8 56. Be2 Ke7 57. Bc4 Kd6 58. Bb5 Ne7 59. Be8 Nf5 60. Bxf7 Nxg3+ 61. Kf3 Nf5 62. Ke4 Nxh4 63. Be8 Ke7 64. Bc6 Nf5 65. d5 exd5+ 66. Bxd5 Kd6 67. Bf7 Ne7 68. f5 gxf5+ 69. Kf4 h4 70. Be8 Be5+ 71. Kf3 h3 72. Bb5 h2 73. Kg2 Kc5 74. Bd3 Kd4 75. Bxf5 Nxf5 76. Kh1 Ke3 77. Kg2 Ke2 78. Kh1 Bg3 79. Kg2 Nd4 80. Kh1 Ke3 81. Kg2 Kf4 82. Kh1 Kg4 83. Kg2 Nf5 84. Kh1 Nh6 85. Kg2 Nf7 86. Kh1 Ng5 87. Kg2 Bf4 88. Kh1 Kf5 89. Kg2 Kg4 90. Kh1 Ne4 91. Kg2 h1=Q+ 92. Kxh1 Kg3 93. Kg1 Nd2 94. Kh1 Kf2 1/2-1/2


[Site "https://www.chess.com"]

[Event "Titled Tuesday Blitz September 27 Late 2022"]
[White "Carlsen, Magnus"]
[Black "Van Foreest, Jorden"]
[WhiteFideId "1503014"]
[BlackFideId "1039784"]
[WhiteElo "2830"]
[BlackElo "2649"]
[Result "1/2-1/2"]
[Round "06"]
[TimeControl "180+1"]
[Date "2022.09.27"]
[WhiteClock "0:00:06"]
[BlackClock "0:00:03"]

1. h4 Nf6 2. c4 c5 3. Nc3 Nc6 4. e3 e6 5. g4 h6 6. Bg2 d5 7. g5 hxg5 8. hxg5 Rxh1 9. Bxh1 Ne4 10. f4 Nxc3 11. dxc3 dxc4 12. Bxc6+ bxc6 13. Qxd8+ Kxd8 14. Nf3 f6 15. e4 Kc7 16. Be3 e5 17. gxf6 gxf6 18. fxe5 Bg4 19. Nh2 Bh5 20. exf6 Bd6 21. Kf2 Rf8 22. Bg5 Rg8 23. Rg1 Bxh2 24. Bf4+ Bxf4 25. Rxg8 Kd6 26. Ra8 Ke6 27. Rxa7 Kxf6 28. a4 Bc1 29. a5 Bxb2 30. a6 Bxc3 31. Rd7 Bg4 32. Rd8 Ke7 33. Rb8 Bd4+ 34. Ke1 Bc3+ 35. Kf1 Bh3+ 36. Kf2 Bd4+ 37. Ke2 Bg4+ 38. Ke1 Bc3+ 39. Kf1 Bh3+ 40. Kf2 Bd4+ 41. Ke2 Bg4+ 42. Kd2 c3+ 43. Kd3 c4+ 44. Kxd4 c2 45. a7 c1=Q 46. a8=Q Qd2+ 47. Kc5 Qe3+ 48. Kb4 Qb3+ 49. Ka5 Qa3+ 50. Kb6 Qxa8 51. Rxa8 c3 52. Ra3 Kd6 53. Rxc3 Ke5 54. Kxc6 Kxe4 55. Rc4+ Kf5 56. Kd5 Bf3+ 57. Kd4 Kf6 58. Rc2 Bg4 59. Rf2+ Kg5 60. Ke5 Bd7 61. Rg2+ Kh4 62. Kf4 Kh5 63. Rg7 Be6 64. Rg5+ Kh6 65. Rg1 Kh7 66. Ke5 Bc4 67. Kf6 Kh8 68. Rg7 Bd3 69. Rd7 Bh7 70. Kf7 Bg8+ 71. Kf8 Bc4 72. Rd4 Bg8 73. Rh4+ Bh7 74. Rh6 1/2-1/2


[Site "https://www.chess.com"]

[Event "Titled Tuesday Blitz September 27 Late 2022"]
[White "Caruana, Fabiano"]
[Black "Saraci, Nderim"]
[WhiteFideId "2020009"]
[BlackFideId "6351921"]
[WhiteElo "2847"]
[BlackElo "2553"]
[Result "1-0"]
[Round "06"]
[TimeControl "180+1"]
[Date "2022.09.27"]
[WhiteClock "0:00:15"]
[BlackClock "0:00:02"]

1. e3 e5 2. e4 Bc5 3. Nf3 d6 4. c3 Nf6 5. d4 Bb6 6. Bb5+ Bd7 7. Bxd7+ Nbxd7 8. a4 a6 9. a5 Ba7 10. Nbd2 O-O 11. O-O Re8 12. Re1 Nf8 13. Qc2 Ng6 14. Nf1 d5 15. exd5 e4 16. N3d2 Qxd5 17. Ng3 c5 18. dxc5 e3 19. fxe3 Bxc5 20. Nf3 Ng4 21. Nd4 Bd6 22. e4 Qc5 23. Nf1 Rac8 24. Qd1 Nf6 25. Qf3 Ne5 26. Qh3 Ng6 27. Be3 Nxe4 28. Nf5 Qc7 29. Nxd6 Qxd6 30. Rad1 Qc6 31. Bb6 Nf6 32. Qf3 Rxe1 33. Rxe1 Qd7 34. Ng3 Re8 35. Rxe8+ Nxe8 36. h3 Ne5 37. Qe2 f6 38. Ne4 Qc6 39. Bd4 Qd5 40. Nc5 Nd6 41. Nd3 Nxd3 42. Qxd3 Nb5 43. Qe3 Kf7 44. Bc5 Qe6 45. Qf4 Qe1+ 46. Kh2 Qe5 47. Qxe5 fxe5 48. Kg3 Ke6 49. c4 Nd6 50. Bxd6 Kxd6 51. b4 Ke6 52. Kf3 Kf5 53. g4+ Ke6 54. Ke4 h6 55. h4 g6 56. g5 hxg5 57. hxg5 Kd6 58. c5+ Ke6 59. b5 axb5 60. c6 Kd6 61. cxb7 Kc7 62. a6 b4 63. Kd3 1-0


[Site "https://www.chess.com"]

[Event "Titled Tuesday Blitz September 27 Late 2022"]
[White "Dardha, Daniel"]
[Black "Tari, Aryan"]
[WhiteFideId "240990"]
[BlackFideId "1510045"]
[WhiteElo "2528"]
[BlackElo "2612"]
[Result "1-0"]
[Round "06"]
[TimeControl "180+1"]
[Date "2022.09.27"]
[WhiteClock "0:02:02"]
[BlackClock "0:00:31"]

1. e4 c6 2. d3 d5 3. Nf3 Qc7 4. Nc3 dxe4 5. dxe4 e5 6. Bc4 h6 7. a4 a5 8. Be3 Nf6 9. O-O Bb4 10. Qc1 Bxc3 11. bxc3 O-O 12. Bxh6 Nxe4 13. Re1 Bf5 14. Rxe4 gxh6 15. Rxe5 Be6 16. Qxh6 1-0


[Site "https://www.chess.com"]